Map: Year Zero LE

Players

Bly

  • Race: Zerg Zerg
  • Spawn Location: 1:00

Rail - Winner!

  • Race: Protoss Protoss
  • League: Grandmaster
  • Spawn Location: 11:00

Event: 2019 WCS Winter Europe

VOD

Have the link to the VOD?

Description

Time

  • Played on: Jan. 31, 2019, 1:13 p.m.
  • Length: 14:17

All games in this series

Show
View Real Time Build Order
Export as new Build Order

Bly Zerg 

Build Orders: Hatch First, Swarm Host 

Get SALT Encoding   

  12  0:01  Drone  
  13  0:13  Overlord  
  13  0:17  Drone  
  14  0:31  Drone x2  
  16  0:50  Hatchery  
  16  0:54  Drone  
  16  1:10  Drone  
  17  1:32  Drone  
  18  1:34  Spawning Pool  
  17  1:42  Extractor  
  16  1:48  Hatchery  
  16  1:49  Drone  
  16  1:50  Drone  
  16  1:51  Drone  
  18  2:05  Drone  
  19  2:08  Drone  
  19  2:12  Drone  
  21  2:19  Overlord  
  21  2:22  Queen  
  23  2:30  Queen  
  25  2:39  Zergling x2  
  25  2:40  Zergling x2  
  27  2:46  Metabolic Boost  
  27  2:47  Drone x2  
  29  2:53  Overlord  
  29  3:09  Drone x4  
  33  3:14  Hatchery, Drone  
  33  3:24  Drone x2  
  35  3:28  Overlord  
  35  3:33  Drone  
  36  3:36  Queen  
  36  3:38  Drone x2  
  40  3:42  Drone x2  
  40  3:44  Drone  
  43  3:52  Overlord  
  43  3:55  Drone  
  44  4:00  Drone  
  45  4:07  Overlord  
  45  4:08  Queen  
  47  4:11  Roach Warren, Drone  
  47  4:12  Queen  
  47  4:13  Extractor  
  47  4:15  Drone  
  47  4:16  Drone  
  50  4:31  Drone x7  
  57  4:40  Drone x2  
  57  4:41  Drone x2  
  61  4:48  Lair  
  61  4:51  Drone x6  
  67  4:59  Overlord  
  67  5:03  Extractor  
  67  5:04  Overlord  
  66  5:07  Queen x2  
  66  5:12  Overlord  
  66  5:14  Overlord x2  
  70  5:22  Overlord, Extractor  
  70  5:23  Extractor  
  70  5:25  Overlord  
  70  5:26  Drone x2  
  70  5:27  Drone  
  71  5:37  Spore Crawler x2  
  71  5:38  Spore Crawler  
  67  5:47  Drone x3  
  67  5:48  Glial Reconstitution, Drone x3  
  73  6:01  Roach  
  73  6:02  Roach x12  
  99  6:07  Overlord  
  99  6:10  Overlord  
  99  6:13  Overlord  
  99  6:31  Roach x9  
  99  6:32  Roach  
  119  6:46  Infestation Pit, Extractor  
  117  6:47  Overseer  
  117  6:49  Drone x3  
  117  6:50  Drone x2  
  117  6:51  Hatchery  
  121  6:55  Overseer  
  121  7:00  Overlord  
  121  7:13  Roach x10  
  140  7:28  Overlord x2  
  140  7:40  Swarm Host x4  
  140  7:41  Overlord  
  140  7:42  Overlord  
  152  7:45  Evolution Chamber  
  152  7:48  Swarm Host x6  
  169  7:57  Overlord x2  
  169  8:02  Hive  
  169  8:03  Drone x3  
  172  8:10  Drone x6  
  178  8:19  Zerg Missile Weapons Level 1  
  178  8:20  Spire  
  178  8:23  Spore Crawler  
  178  8:26  Drone x4  
  180  8:28  Extractor  
  177  8:45  Swarm Host x8  
  197  9:02  Ravager x3, Extractor  
  193  9:17  Drone x2  
  193  9:18  Drone  
  196  9:34  Greater Spire  
  196  9:40  Hatchery  
  195  10:03  Spine Crawler  
  195  10:04  Spine Crawler x2  
  192  10:08  Hydralisk Den  
  192  10:12  Overseer  
  192  10:13  Zerg Missile Weapons Level 2  
  179  10:39  Corruptor  
  179  10:40  Corruptor x8  
  169  11:09  Overlord  
  169  11:10  Overlord x2  
  169  11:11  Brood Lord x9  
  169  11:17  Grooved Spines  
  169  11:18  Overseer x2  
  187  11:25  Spine Crawler x2  
  185  11:26  Ravager x2  
  185  11:27  Spine Crawler  
  187  11:32  Zergling x2  
  187  11:33  Zergling x26  
  187  11:38  Hatchery  
  199  11:43  Ravager  
  199  12:01  Hydralisk x6  
  138  12:31  Hydralisk x20  
  148  12:37  Hydralisk x3  
  148  12:38  Hydralisk  
  150  12:49  Roach x3  
  152  13:00  Ravager  
  124  13:18  Hydralisk x6  
  107  13:39  Roach x6  
Show
View Real Time Build Order
Export as new Build Order

Rail Protoss - Winner!

Build Orders: 1 Gate Expand, Oracle Opening 

Get SALT Encoding   

  12  0:00  Probe  
  13  0:13  Probe  
  14  0:19  Pylon  
  14  0:24  Probe  
  15  0:33  Probe  
  15  0:41  Probe, Gateway  
  17  0:50  Assimilator  
  17  0:52  Probe  
  18  1:04  Probe  
  19  1:16  Probe  
  20  1:31  Probe  
  21  1:36  Nexus  
  21  1:40  Assimilator  
  21  1:48  Cybernetics Core  
  21  1:50  Probe  
  22  1:58  Pylon  
  22  2:02  Probe  
  23  2:12  Probe  
  23  2:15  Stalker  
  23  2:20  Probe  
  27  2:31  Probe  
  28  2:38  Adept  
  28  2:40  Stargate  
  30  2:51  Warp Gate  
  30  2:56  Probe  
  31  3:05  Probe  
  31  3:08  Adept  
  31  3:12  Probe  
  35  3:16  Oracle  
  35  3:19  Gateway  
  38  3:28  Probe  
  38  3:31  Probe  
  40  3:36  Pylon  
  40  3:40  Probe  
  41  3:45  Probe  
  41  3:46  Shield Battery  
  42  3:52  Probe  
  42  3:53  Oracle  
  46  4:01  Probe  
  47  4:08  Probe  
  48  4:11  Assimilator  
  48  4:13  Probe  
  48  4:15  Pylon  
  49  4:20  Probe  
  50  4:25  Probe  
  50  4:31  Assimilator, Probe  
  51  4:33  Robotics Facility  
  51  4:35  Robotics Facility  
  51  4:37  Probe  
  51  4:38  Phoenix  
  55  4:39  Probe  
  55  4:44  Pylon  
  56  4:47  Probe  
  56  4:50  Probe  
  56  4:52  Pylon  
  58  4:55  Pylon  
  58  4:59  Probe  
  59  5:02  Probe  
  60  5:10  Immortal  
  60  5:11  Probe  
  60  5:13  Immortal  
  60  5:14  Probe  
  66  5:21  Sentry  
  66  5:23  Probe  
  73  5:30  Pylon  
  73  5:36  Zealot  
  73  5:42  Pylon  
  75  5:49  Nexus  
  76  5:50  Observer  
  76  5:53  Immortal  
  80  6:02  Shield Battery  
  80  6:05  Pylon  
  80  6:08  Probe  
  80  6:10  Immortal, Robotics Bay  
  82  6:11  Probe  
  86  6:20  Probe  
  86  6:22  Immortal  
  88  6:36  Gateway  
  88  6:37  Gateway  
  88  6:40  Pylon  
  88  6:44  Probe  
  89  6:47  Immortal  
  89  6:50  Sentry, Probe  
  96  6:56  Probe  
  96  6:57  Probe  
  96  6:58  Probe  
  98  7:05  Probe  
  98  7:06  Probe  
  98  7:07  Colossus  
  105  7:08  Probe  
  108  7:15  Probe  
  108  7:16  Probe, Pylon  
  108  7:20  Probe  
  111  7:26  Assimilator x2  
  111  7:27  Probe, Twilight Council  
  112  7:30  Forge  
  112  7:34  Observer, Forge  
  113  7:39  Zealot  
  115  7:44  Stalker  
  115  7:46  Protoss Ground Weapons Level 1  
  117  7:53  Probe  
  117  7:56  Immortal, Pylon, Blink  
  117  7:57  Protoss Ground Armor Level 1  
  122  8:03  Pylon  
  122  8:05  Photon Cannon  
  122  8:12  Gateway  
  122  8:13  Gateway  
  122  8:15  Colossus  
  128  8:27  Gateway x2  
  128  8:28  Photon Cannon  
  128  8:30  Stalker  
  128  8:32  Pylon  
  129  8:37  Stalker x2  
  129  8:50  Probe, Gateway  
  129  8:55  Immortal  
  130  9:01  Pylon  
  134  9:03  Sentry, Pylon  
  136  9:11  Pylon  
  136  9:14  Stalker x2  
  140  9:19  Stalker, Sentry  
  140  9:23  Stalker x2  
  148  9:26  Warp Prism  
  148  9:31  Colossus  
  148  9:32  Protoss Ground Weapons Level 2  
  148  9:34  Protoss Ground Armor Level 2  
  148  9:37  Stalker, Sentry  
  160  9:39  Extended Thermal Lance  
  160  9:41  Pylon  
  157  9:46  Zealot, Photon Cannon  
  157  9:47  Zealot  
  153  9:55  Stalker x2  
  157  10:07  Pylon  
  157  10:14  Stalker x2, Sentry  
  157  10:17  Stalker x2  
  167  10:31  Stalker x3  
  173  10:41  Photon Cannon  
  173  10:43  Stalker  
  145  11:00  Stalker x3, Sentry  
  145  11:01  Stalker x2  
  145  11:02  Stalker  
  157  11:04  Colossus  
  157  11:09  Stalker  
  165  11:27  Stalker x6  
  165  11:28  Sentry  
  179  11:32  Stalker  
  163  12:04  Stalker x2, Sentry  
  163  12:05  Stalker x5  
  179  12:08  Immortal  
  111  12:44  Stalker  
  111  12:45  Stalker x4  
  111  12:46  Stalker x3  
  111  12:48  Immortal  
  125  13:08  Stalker x4, Sentry  
  125  13:09  Stalker  
  125  13:12  Stalker  
  139  13:13  Sentry  
  133  13:36  Stalker x2  
  133  13:37  Stalker x2, Sentry  
  133  13:40  Stalker x3  
  145  14:02  Stalker x2  
  147  14:03  Stalker x2  
Tags
 
Add a new tag
Caveats
  • Supply blocks, unpowered buildings, or Contaminate may cause inaccurate times.
  • Supply counts are checked every 10 seconds.